 Dungeon Crawl Stone Soup version 0.27-a0-1384-g1422d76b99 (webtiles) character file.

Game seed: 15796104919658881501

267 tilp the Caller (level 6, -13/47 HPs)
             Began as a Barachi Summoner on June 30, 2021.
             Was an Initiate of Okawaru.
             Mangled by Duvessa (17 damage)
             ... on level 4 of the Dungeon.
             The game lasted 00:08:36 (4026 turns).

tilp the Caller (Barachi Summoner)                  Turns: 4026, Time: 00:08:37

Health: -13/47     AC:  3    Str: 12    XL:     6   Next: 21%
Magic:  5/10       EV: 13    Int: 15    God:    Okawaru [......]
Gold:   154        SH:  0    Dex: 18    Spells: 2/11 levels left

rFire    . . .     SeeInvis .   a - +1 short sword
rCold    . . .     Faith    .   (no shield)
rNeg     . . .     Spirit   .   d - +0 robe
rPois    .         Reflect  .   (no helmet)
rElec    .         Harm     .   (no cloak)
rCorr    .         Rampage  .   (no gloves)
Will     .....                  h - +0 pair of boots
Stlth    ++........             (no amulet)
HPRegen  0.15/turn              c - +6 ring of dexterity
MPRegen  0.12/turn              (no ring)

@: unable to hop, flying, slow
A: amphibious, slowness 1, strong legs 1, +LOS
a: Hop, Renounce Religion


You were on level 4 of the Dungeon.
You worshipped Okawaru.
Okawaru was noncommittal.
You visited 2 branches of the dungeon, and saw 6 of its levels.

You collected 154 gold pieces.

Inventory:

Hand Weapons
 a - a +1 short sword (weapon)
 b - a +0 mace
Armour
 d - a +0 robe (worn)
 h - a +0 pair of boots (worn)
Jewellery
 c - a +6 ring of dexterity (left hand)
Potions
 e - 2 potions of resistance
 g - a potion of magic
 i - a potion of brilliance
 j - a potion of attraction {unknown}


   Skills:
 + Level 3.6 Fighting
 + Level 3.5 Dodging
 + Level 3.0 Stealth
 - Level 3.0 Spellcasting
 - Level 6.0 Summonings


You had 2 spell levels left.
You knew the following spells:

 Your Spells              Type           Power      Damage    Failure   Level
a - Summon Small Mammal   Summ           80%        N/A       1%          1
b - Call Imp              Summ           20%        N/A       2%          2
c - Call Canine Familiar  Summ           20%        N/A       4%          3
d - Summon Guardian Gole  Hex/Summ       11%        N/A       17%         3

Your spell library contained the following spells:

 Spells                   Type           Power      Damage    Failure   Level
 Animate Skeleton         Necr           4%         N/A       21%         1
 Corona                   Hex            2%         N/A       21%         1
 Magic Dart               Conj           8%         1d3       21%         1
 Pain                     Necr           8%         1d4       21%         1
 Ensorcelled Hibernation  Hex/Ice        4%         N/A       30%         2
 Searing Ray              Conj           4%         3d3       30%         2
 Summon Ice Beast         Ice/Summ       11%        N/A       50%         4
 Summon Lightning Spire   Summ/Air       11%        N/A       50%         4
 Confusing Touch          Hex            2%         N/A       52%         3
 Dazzling Flash           Conj/Hex       4%         N/A       52%         3
 Gell's Gravitas          Tloc           1%         N/A       52%         3
 Tukima's Dance           Hex            2%         N/A       52%         3
 Vampiric Draining        Necr           1%         2d6       52%         3
 Animate Dead             Necr           1%         N/A       89%         4
 Fulminant Prism          Conj/Hex       1%         3d6       89%         4
 Iskenderun's Mystic Bla  Conj/Tloc      2%         2d3       89%         4
 Petrify                  Tmut/Erth      2%         N/A       89%         4
 Agony                    Necr           2%         N/A       99%         5
 Metabolic Englaciation   Hex/Ice        1%         N/A       99%         5
 Yara's Violent Unravell  Hex/Tmut       1%         3d3       99%         5


Dungeon Overview and Level Annotations

Branches:
Dungeon (5/15)             Temple (1/1) D:4

Altars:
Ashenzari
Cheibriados
Fedhas
Hepliaklqana
Nemelex Xobeh
Okawaru
Sif Muna
Wu Jian
The Shining One
Lugonu

Shops:
D:2 [

Annotations:
D:1 dig vault (centaur)
D:4 Duvessa, Duvessa, Grinder


Innate Abilities, Weirdness & Mutations

You are amphibious.
You cover ground slowly.
You can hop short distances.
You have an extended range of vision and can be seen from far away.


Message History

You climb upwards.
Level annotation: Duvessa, Grinder
There is a stone staircase leading down here.
You start resting.
You are ready to hop once more.
You start resting.
Magic restored.
You start resting.
Duvessa, Sister of Dowan comes into view.
She is wielding a +0 short sword.
Unknown command.
As you read the scroll labelled TEYG EMEDUMA, it crumbles to dust.
You feel aware of your surroundings.
It was a scroll of magic mapping.
Duvessa goes berserk!
Unknown command.
Duvessa rages.
Hop to where?
Press: ? - help, Dir - move target Boing!
You aren't carrying any scrolls.
Unknown command.
It was a potion of magic.
Magic courses through your body. Duvessa hits you with a +0 short sword.
Unknown command.
Unknown command.
Okay, then.
Casting: Call Imp (safe; 2% risk of failure)
Confirm with . or Enter, or press ? or * to list all spells.
Duvessa hits you with a +0 short sword!
* * * LOW HITPOINT WARNING * * *
Duvessa barely misses you.
Casting: Call Canine Familiar (dangerous; 4% risk of failure)
Confirm with . or Enter, or press ? or * to list all spells.
A beastly little devil appears in a puff of flame.
Duvessa hits you with a +0 short sword.
* * * LOW HITPOINT WARNING * * *
Unknown command.
It was a potion of flight.
You feel very buoyant.
You fly up into the air.
Duvessa hits you with a +0 short sword!
You die...

.*,,,#......#.......#.....#.8.#.#
.#####......#.......'...........#
............#.......##...#8.>.8##
............######'###...#.....##
............#.......#..รท..#.8)#..
............#.......#......+...(.
............#.......#......#.....
#...........#....[..##.....#.....
#...........#...@...##....#######
######......#..he<..########.####
#......#..5....#............
#......#.......#............
#......#.......#............
#......#....>..#............
#......#.......#............
#......#####################
########


You could see Duvessa (berserk, ally target), a friendly hound (summoned) and a
friendly crimson imp (summoned).

Vanquished Creatures
  A necrophage (D:4)
  3 dart slugs
  2 orcs (D:3)
  5 goblins
  4 hobgoblins
  A quokka (D:1)
  6 ball pythons
  6 bats
  3 kobolds
  4 rats
35 creatures vanquished.

Vanquished Creatures (collateral kills)
  An ogre (D:4)
  Dowan (D:4)
  A hound (D:5)
  An orc wizard (D:3)
  3 adders
  A worm (D:2)
  4 bats
  2 endoplasms (D:2)
  A goblin (D:1)
  3 hobgoblins (D:1)
  A quokka (D:2)
  2 ball pythons (D:1)
  4 frilled lizards
  A jackal skeleton (D:4)
  4 kobolds
  3 rats (D:1)
33 creatures vanquished.

Grand Total: 68 creatures vanquished

Notes
Turn   | Place    | Note
-------+----------+-------------------------------------------
     0 | D:1      | tilp the Barachi Summoner began the quest for the Orb.
     0 | D:1      | Reached XP level 1. HP: 13/13 MP: 3/3
    13 | D:1      | Noticed a centaur
   110 | D:1      | Reached skill level 1 in Fighting
   336 | D:1      | Reached XP level 2. HP: 22/22 MP: 0/5
   399 | D:1      | Found a faded altar of an unknown god.
   827 | D:1      | Reached skill level 5 in Summonings
   987 | D:1      | You fall into a shaft and drop 1 floor!
   987 | D:2      | Found Uvee's Antique Armour Shoppe.
  1373 | D:1      | Reached XP level 3. HP: 24/27 MP: 3/6
  1541 | D:1      | Learned a level 2 spell: Call Imp
  1545 | D:1      | Learned a level 3 spell: Call Canine Familiar
  2180 | D:3      | Found a snail-covered altar of Cheibriados.
  2430 | D:3      | Reached XP level 4. HP: 29/33 MP: 3/8
  2563 | D:3      | Reached skill level 6 in Summonings
  3282 | D:4      | Noticed Grinder
  3329 | D:4      | Found a staircase to the Ecumenical Temple.
  3330 | D:4      | Noticed a necrophage
  3343 | D:4      | Killed a necrophage
  3344 | D:4      | Reached XP level 5. HP: 38/40 MP: 2/9
  3407 | D:4      | Noticed an ogre
  3417 | D:4      | Killed an ogre
  3428 | Temple   | Entered the Ecumenical Temple
  3526 | Temple   | Became a worshipper of Warmaster Okawaru
  3638 | D:4      | Learned a level 3 spell: Summon Guardian Golem
  3647 | D:4      | Noticed Dowan
  3692 | D:4      | Killed Dowan
  3693 | D:4      | Reached XP level 6. HP: 28/47 MP: 1/10
  3880 | D:5      | Entered Level 5 of the Dungeon
  3924 | D:5      | HP: 2/47 [ogre (34)]
  4015 | D:4      | Noticed Duvessa
  4026 | D:4      | Mangled by Duvessa

Illustrated notes

Levels and vault maps discovered:
D:1:      evilmike_arrival_come_back, layout_basic,
          hellmonk_ecumenical_altar_arch_garden
D:2:      layout_rooms, serial_shops, nicolae_shop_stone
D:3:      layout_basic, kennysheep_slug_shrine, minmay_misc_feat_roman,
          interstate_on_off, dk_vineyard_3, uniq_crazy_yiuf_cottage
D:4:      layout_gridville, minmay_temple_entry_statues_pillars,
          gammafunk_ghost_necromancy, saegor_snake_ambush, uniq_duvessa,
          uniq_grinder
D:5:      layout_rooms, enter_ossuary_2, minmay_circle_x
Temple:   corrupted_temple

Skill      XL: |  1  2  3  4  5  6 |
---------------+-------------------+-----
Fighting       | 1 2 3 |  3.6
Summonings     | 5 6 |  6.0
Spellcasting   | 3 |  3.0
Stealth        | 2 3 |  3.0
Dodging        | 3 |  3.5

Action                   |  1- 3 |  4- 6 || total
-------------------------+-------+-------++-------
Melee: Short sword       |    80 |    41 ||   121
       Unarmed           |     2 |       ||     2
 Cast: Summon Small Mamm |    59 |       ||    59
       Call Imp          |    14 |    17 ||    31
       Call Canine Famil |       |     7 ||     7
 Abil: Hop               |       |     2 ||     2
  Use: Scroll            |     4 |     3 ||     7
       Potion            |       |     3 ||     3
 Stab: Distracted        |     1 |       ||     1
       Sleeping          |     2 |     1 ||     3
Armor: Robe              |    30 |     5 ||    35
Dodge: Dodged            |    79 |    35 ||   114

Table legend: (Time is in decaauts)
 A = Elapsed time spent in this place.
 B = Non-inter-level travel time spent in this place.
 C = Inter-level travel time spent in this place.
 D = Time resting spent in this place.
 E = Time spent auto-exploring this place.
 F = Levels seen in this place.
 G = Mean time per level.
                   A        B        C        D        E       F      G
               +--------+--------+--------+--------+--------+-----+--------+
         Total |   4434 |   4213 |    221 |    784 |   2685 |   6 |  739.0 |
       Dungeon |   4309 |   4118 |    191 |    784 |   2592 |   5 |  861.8 |
        Temple |    125 |     96 |     29 |      0 |     93 |   1 |  125.0 |
               +--------+--------+--------+--------+--------+-----+--------+

Top non-repeatable levels by time:
     D:1: 1693 daAuts
     D:3: 1345 daAuts
     D:2: 626 daAuts
     D:4: 576 daAuts
  Temple: 125 daAuts
     D:5: 67 daAuts
